AoeStats
← TigerGecko

QS Arena

503689406Analyzed
3v3 RM · 1mo ago on Sep 1, 2026· 44m 55s· 6 players
Game mode
Random Map
Map size
Normal (6 player)
Population
200
Speed
Normal
Resources
Standard
Victory
Conquest
Starting age
Dark Age
Ending age
Imperial Age
RankedLock teamsTeams togetherTeam positionsShared explorationLock speedFull tech treeHidden civsTurbo modeCheats
Victory
Defeat
🇬🇧 Koreans · United Kingdom
1498
+13
🇳🇴 Mongols · Norway
1476
+14
🇳🇴 Italians · Norway
1463
+15
🇩🇪 Maya · Germany
1450
-15
🇭🇰 Byzantines · Hong Kong SAR China
1439
-14
🇫🇷 Goths · France
1432
-14
slay
8:12 Feudal Age
9:48 Loom
12:23 Castle Age
10:16 Double-Bit Axe
11:40 Horse Collar
13:24 Bow Saw
13:20 Heavy Plow
16:02 Wheelbarrow
21:07 Stone Mining
21:09 Gold Mining
26:34 Hand Cart
27:03 Fletching
30:31 Imperial Age
28:41 Scale Mail Armor
28:52 Forging
29:11 Anarchy
29:34 Squires
30:25 Masonry
30:41 Chain Mail Armor
31:01 Iron Casting
32:39 Two-Man Saw
32:46 Chemistry
36:09 Padded Archer Armor
39:34 Conscription
43:23 Blast Furnace
What's your ETA?
8:30 Feudal Age
12:36 Castle Age
10:45 Horse Collar
11:03 Double-Bit Axe
11:37 Horse Collar
13:45 Bow Saw
17:47 Wheelbarrow
20:14 Hand Cart
20:46 Heavy Plow
20:40 Gold Mining
21:35 Stone Mining
22:21 Gold Shaft Mining
21:39 Fletching
21:50 Padded Archer Armor
21:50 Scale Mail Armor
22:01 Forging
21:42 Loom
22:44 Bodkin Arrow
24:01 Leather Archer Armor
26:23 Imperial Age
24:19 Ballistics
23:51 Crossbowman
25:18 Scale Mail Armor
25:28 Forging
25:47 Squires
25:47 Pikeman
27:12 Chain Mail Armor
27:33 Iron Casting
26:46 Arbalester
27:31 Bracer
28:02 Ring Archer Armor
28:26 Chain Mail Armor
29:38 Two-Man Saw
29:50 Iron Casting
28:56 Halberdier
31:23 Chemistry
32:49 Plate Mail Armor
34:28 Treadmill Crane
37:44 Conscription
37:33 Scale Barding Armor
38:47 Chain Barding Armor
38:33 Elite Cataphract
39:32 Logistica
41:47 Plate Barding Armor
TigerGecko
7:51 Feudal Age
11:43 Castle Age
10:14 Double-Bit Axe
10:17 Horse Collar
12:42 Bow Saw
14:37 Wheelbarrow
16:23 Heavy Plow
18:35 Gold Mining
18:39 Stone Mining
20:34 Hand Cart
24:58 Imperial Age
22:15 Loom
22:16 Town Watch
22:32 Scale Mail Armor
22:42 Forging
23:34 Chain Mail Armor
24:01 Stone Shaft Mining
23:12 Treadmill Crane
23:32 Eagle Warrior
24:12 Squires
23:57 Arson
24:25 Forging
25:51 Iron Casting
25:07 Fletching
25:04 Elite Eagle Warrior
25:41 Capped Ram
27:03 Conscription
27:41 Siege Ram
29:29 Plate Mail Armor
31:08 Holcans
33:37 Blast Furnace
34:42 Fletching
35:06 Masonry
35:41 Bodkin Arrow
36:49 Caravan
36:44 Pikeman
38:39 Guilds
39:50 Two-Man Saw
38:13 Halberdier
39:15 Town Patrol
40:11 Coinage
41:22 Bracer
41:52 Ballistics
42:47 Chemistry
42:05 Padded Archer Armor
42:20 Elite Plumed Archer
43:29 Thumb Ring
44:44 Hoardings
44:45 Architecture
45:25 Leather Archer Armor
Patman
9:04 Feudal Age
12:54 Castle Age
10:47 Horse Collar
10:58 Double-Bit Axe
14:11 Heavy Plow
14:24 Bow Saw
18:07 Loom
20:00 Wheelbarrow
21:36 Hand Cart
21:27 Stone Mining
21:32 Gold Mining
22:19 Fletching
23:12 Bodkin Arrow
24:22 Bloodlines
24:13 Husbandry
27:31 Imperial Age
25:33 Ballistics
26:15 Stone Shaft Mining
25:49 Padded Archer Armor
26:07 Fortified Wall
26:25 Scale Barding Armor
26:56 Leather Archer Armor
27:44 Chain Barding Armor
27:53 Masonry
27:23 Light Cavalry
28:16 Bracer
30:43 Chemistry
30:28 Forging
31:54 Iron Casting
30:42 Hussar
35:48 Blast Furnace
38:11 Elite Mangudai
39:12 Conscription
39:16 Drill
41:52 Hoardings
41:49 Capped Ram
43:33 Siege Engineers
42:54 Siege Ram
44:25 Caravan
sahrmed
8:18 Feudal Age
12:42 Castle Age
11:31 Double-Bit Axe
11:26 Horse Collar
14:05 Bow Saw
15:19 Heavy Plow
22:52 Wheelbarrow
22:22 Town Watch
23:10 Squires
24:34 Hand Cart
28:28 Imperial Age
26:39 Arson
27:05 Forging
27:01 Scale Barding Armor
26:58 Scale Mail Armor
29:33 Coinage
30:19 Chain Mail Armor
30:14 Forging
31:56 Plate Mail Armor
33:20 Banking
33:11 Forging
34:25 Conscription
34:52 Iron Casting
36:14 Crop Rotation
36:54 Blast Furnace
37:45 Gold Mining
39:54 Two-Man Saw
38:48 Loom
39:03 Stone Mining
42:05 Chemistry
41:14 Caravan
42:39 Thumb Ring
43:09 Fortified Wall
43:09 Masonry
45:02 Pirotechnia
JoshDomestique
8:16 Feudal Age
12:22 Castle Age
10:19 Horse Collar
11:30 Double-Bit Axe
13:19 Bow Saw
16:52 Wheelbarrow
16:12 Town Watch
16:14 Loom
17:26 Squires
18:10 Scale Mail Armor
19:13 Chain Mail Armor
19:09 Gold Mining
19:40 Forging
28:03 Imperial Age
25:52 Gambesons
27:49 Iron Casting
27:31 Fletching
29:47 Chemistry
29:20 Plate Mail Armor
29:12 Bodkin Arrow
29:37 Hand Cart
29:50 Elite Fire Lancer
31:01 Bracer
31:28 Ballistics
31:49 Stone Mining
32:24 Man-at-Arms
34:00 Conscription
34:03 Masonry
35:25 Arrowslits
36:11 Architecture
35:46 Siege Engineers
36:36 Eupseong
37:17 Treadmill Crane
41:01 Arson
42:57 Heavy Plow
44:22 Pikeman
Connection lost

Rejoining the realm…

Still unreachable

The connection could not be restored.

Session expired

The server has moved on; the page needs a fresh start.